 Dungeon Crawl Stone Soup version 0.30.1-11-g7821555f0a (webtiles) character file.

Game seed: 17813171026158366519

137 Chiseanne the Trooper (level 5, 32/42 HPs)
             Began as a Demonspawn Wanderer on Nov 24, 2023.
             Quit the game on level 3 of the Dungeon.
             The game lasted 00:04:59 (2124 turns).

Chiseanne the Trooper (Demonspawn Wanderer)         Turns: 2124, Time: 00:05:00

Health: 32/42      AC:  8    Str: 12    XL:     5   Next: 0%
Magic:  6/6        EV: 11    Int: 13    God:
Gold:   46         SH:  0    Dex: 15    Spells: 6/6 levels left

rFire   + . .        d - +0 dagger (venom)
rCold   . . .        (no shield)
rNeg    . . .        m - +0 ring mail
rPois   +            (helmet restricted)
rElec   .            (no cloak)
rCorr   .            (no gloves)
SInv    .            (no boots)
Will    .....        (no amulet)
Stlth   +            h - ring of poison resistance
HPRegen 0.27/turn    j - ring of protection from fire
MPRegen 0.10/turn

%: no passive effects
@: mildly poisoned (32 -> 31)
A: antennae 1, yellow scales 2, powered by pain 1
a: no special abilities


You were on level 3 of the Dungeon.
You visited 1 branch of the dungeon, and saw 3 of its levels.

You collected 46 gold pieces.

Inventory:

Hand Weapons
 a - a +0 dagger of electrocution
 d - a +0 dagger of venom (weapon)
 s - a +0 spear of flaming
Missiles
 f - 48 stones (quivered)
Armour
 b - a +0 helmet
 l - an orb of wrath
 m - a +0 ring mail (worn)
Jewellery
 h - a ring of poison resistance (left hand)
 j - a ring of protection from fire (right hand)
Scrolls
 e - a scroll of fear
 g - 2 scrolls of immolation
 n - a scroll of fog
 o - a scroll of brand weapon
 t - a scroll of teleportation {unknown}
Potions
 c - a potion of heal wounds {unknown}
 i - 2 potions of attraction {unknown}
 k - 3 potions of curing {unknown}
 p - a potion of degeneration {unknown}
 q - a potion of berserk rage {unknown}
 r - a potion of resistance {unknown}


   Skills:
 * Level 3.7 Fighting
 - Level 2.6 Polearms
 * Level 1.4 Armour
 * Level 2.9 Dodging
 - Level 1.0 Spellcasting
 - Level 3.2 Necromancy


You had 6 spell levels left.
You didn't know any spells.
Your spell library contained the following spells:

 Spells                   Type           Power      Damage    Failure   Level
 Necrotise                Necr           36%        1d5       16%         1
 Kiss of Death            Conj/Necr      16%        2d6       32%         1
 Vampiric Draining        Necr           9%         2d6       43%         3
 Apportation              Tloc           0%         N/A       52%         1
 Summon Small Mammal      Summ           0%         N/A       52%         1
 Gell's Gravitas          Tloc           0%         N/A       88%         3
 Summon Guardian Golem    Hex/Summ       0%         N/A       88%         3
 Teleport Other           Tloc           0%         N/A       88%         3
 Dispersal                Tloc           0%         N/A       100%        6
 Orb of Destruction       Conj           0%         9d5       100%        7
 Spellforged Servitor     Conj/Summ      0%         N/A       100%        7


Dungeon Overview and Level Annotations

Branches:
Dungeon (3/15)

Altars:

Annotations:
D:2 Sigmund


Innate Abilities, Weirdness & Mutations

You have a pair of small antennae on your head.
You are mostly covered in yellow scales. (AC +3)
You sometimes gain a little power by taking damage.


Message History

The adder is lightly wounded.
The adder bites you but does no damage.
You hit the adder.
The adder looks as sick as possible!
The adder is moderately wounded.
The adder bites you but does no damage.
You barely miss the adder.
The adder is almost dead.
The adder barely misses you. The adder bites you but does no damage.
You hit the adder.
You kill the adder!
Found a chain mail.
The adder hisses angrily.
You see here a +0 chain mail.
You completely miss the adder. You punch the adder, but do no damage.
The adder bites you but does no damage.
You closely miss the adder. The adder bites you but does no damage.
The adder bites you.
You hit the adder.
The adder is lightly wounded.
The adder bites you.
You are poisoned.
The adder poisons you!
You hit the adder.
The adder is poisoned.
The adder is heavily wounded.
You feel sick. The adder bites you but does no damage.
You barely miss the adder. Your punch misses the adder.
The adder is heavily wounded.
You feel sick. The adder bites you. The adder bites you but does no damage.
You hit the adder but do no damage.
The adder is severely wounded.
You feel sick. The adder barely misses you.
You hit the adder.
The adder looks as sick as possible!
The adder is almost dead.
You feel sick.
You kill the adder!
You have reached level 5!
Your demonic ancestry asserts itself...
A pair of antennae grows on your head!
Your +0 helmet falls away!
Are you sure you want to abandon this character and quit the game? (Confirm with "yes".)

## #. #. #. #.
#. #. #. #. #.
####. #. #....
#†#### #.8..
#.@..# #....
####.# ####. #.#
### #. #.####
#.# #. #.##..
#.#... #.##.#
#.#.>. #.##.#
#.#... #.##.#
#.####
#.##.######.....


There were no monsters in sight!

Vanquished Creatures
  Jessica (D:2)
  5 adders
  A dart slug (D:2)
  An orc (D:3)
  2 bats
  8 endoplasms
  A giant cockroach (D:3)
  7 goblins
  2 hobgoblins (D:1)
  11 jackals
  4 kobolds
  3 quokkas (D:1)
  5 ball pythons
  A frilled lizard (D:1)
  9 rats
61 creatures vanquished.

Notes
Turn   | Place    | Note
-------+----------+-------------------------------------------
     0 | D:1      | Chiseanne the Demonspawn Wanderer began the quest for the
                  | Orb.
     0 | D:1      | Chiseanne set off with the following items: a +0 spear, a
                  | +0 helmet, a scroll of summoning, a +0 robe; and the
                  | following spells available to memorise: Necrotise, Kiss of
                  | Death, Vampiric Draining.
     0 | D:1      | Reached XP level 1. HP: 16/16 MP: 2/2
   286 | D:1      | Gained mutation: You are partially covered in yellow
                  | scales. (AC +2) [demonic ancestry]
   286 | D:1      | Reached XP level 2. HP: 22/23 MP: 3/3
   706 | D:1      | Found a faded altar of an unknown god.
   818 | D:1      | Gained mutation: You are mostly covered in yellow scales.
                  | (AC +3) [demonic ancestry]
   818 | D:1      | Reached XP level 3. HP: 28/28 MP: 4/4
  1557 | D:2      | Noticed Jessica
  1587 | D:2      | Killed Jessica
  1588 | D:2      | Gained mutation: You sometimes gain a little power by
                  | taking damage. [demonic ancestry]
  1588 | D:2      | Reached XP level 4. HP: 32/35 MP: 5/5
  1640 | D:2      | Noticed Sigmund
  1770 | D:3      | Reached skill level 1 in Armour
  2124 | D:3      | Gained mutation: You have a pair of small antennae on your
                  | head. [demonic ancestry]
  2124 | D:3      | Reached XP level 5. HP: 32/42 MP: 6/6
  2124 | D:3      | Quit the game

Illustrated notes

Levels and vault maps discovered:
D:1:      scummos_arrival_forest, layout_basic,
          hellmonk_ecumenical_altar_leap_of_faith
D:2:      layout_basic, serial_curves, eino_curves_03, eino_curves_03,
          uniq_crazy_yiuf_cottage, uniq_jessica, uniq_sigmund
D:3:      layout_loops_ring, mainiacjoe_overflow_alcove_1, minivault_26,
          nicolae_elevator_lobby_asterisk

Skill      XL: |  1  2  3  4 |
---------------+-------------+-----
Dodging        | 2 |  2.9
Fighting       | 3 |  3.7
Armour         | 1 |  1.4
Polearms       | |  2.6
Spellcasting   | |  1.0
Necromancy     | |  3.2

Action                     |  1- 3 |  4- 6 || total
---------------------------+-------+-------++-------
  Melee: Spear             |   134 |       ||   134
         Punch             |     2 |     4 ||     6
         Dagger            |    26 |    90 ||   116
    Use: Scroll            |     6 |     1 ||     7
   Stab: Sleeping          |     3 |       ||     3
 Armour: Robe              |    55 |       ||    55
         Ring mail         |     4 |    49 ||    53
  Dodge: Dodged            |    99 |    32 ||   131
